 Dungeon Crawl Stone Soup version 0.31-a0-986-g5e6e4ef867 (webtiles) character file.

Game seed: 12998680964114850034

43 gelatine the Trooper (level 3, 0/29 HPs)
             Began as a Demonspawn Fighter on Nov 12, 2023.
             Slain by Grinder (1 damage)
             ... on level 3 of the Dungeon.
             The game lasted 00:02:58 (1598 turns).

gelatine the Trooper (Demonspawn Fighter)           Turns: 1598, Time: 00:02:59

Health: 0/29       AC:  7    Str: 25    XL:     3   Next: 37%
Magic:  3/3        EV: 10    Int:  9    God:
Gold:   88         SH:  4    Dex:  7    Spells: 2/2 levels left

rFire   . . .        a - +0 war axe
rCold   . . .        c - +0 buckler
rNeg    . . .        k - +3 leather armour "Zamn" {Rampage Fly Str+7 Dex-5}
rPois   .            (no helmet)
rElec   .            (no cloak)
rCorr   .            (no gloves)
SInv    .            h - +0 pair of boots
Will    .....        (no amulet)
Stlth   +            (no ring)
HPRegen 0.24/turn    (no ring)
MPRegen 0.08/turn

%: rampage
@: flying
A: claws 1
a: no special abilities


You were on level 3 of the Dungeon.
You visited 1 branch of the dungeon, and saw 3 of its levels.

You collected 88 gold pieces.

Inventory:

Hand Weapons
 a - a +0 war axe (weapon)
Armour
 b - a +0 scale mail
 c - a +0 buckler (worn)
 h - a +0 pair of boots (worn)
 k - the +3 leather armour "Zamn" (worn) {Rampage Fly Str+7 Dex-5}
   (You found it on level 2 of the Dungeon)

   Str+7:     It affects your strength (+7).
   Dex-5:     It affects your dexterity (-5).
   Fly:       It grants you flight.
   Rampage:   It bestows one free step when moving towards enemies.
Scrolls
 g - 5 scrolls of identify {unknown}
 i - a scroll of silence {unknown}
 j - a scroll of teleportation {unknown}
 m - a scroll of torment {unknown}
Potions
 d - a potion of might
 e - a potion of berserk rage {unknown}
 f - a potion of haste {unknown}
 l - a potion of mutation {unknown}


   Skills:
 + Level 3.2 Fighting
 + Level 2.5 Axes
 + Level 2.9 Armour
 + Level 0.2 Dodging
 + Level 0.3 Stealth
 + Level 3.0 Shields


You had 2 spell levels left.
You didn't know any spells.
Your spell library contained the following spells:

 Spells                   Type           Power      Damage    Failure   Level
 Alistair's Intoxication  Tmut/Pois      0%         N/A       100%        5
 Borgnjor's Vile Clutch   Necr/Erth      0%         N/A       100%        5
 Eringya's Noxious Bog    Tmut/Pois      0%         4d6       100%        6


Dungeon Overview and Level Annotations

Branches:
Dungeon (3/15)

Altars:

Shops:
D:2 =

Annotations:
D:3 Grinder


Innate Abilities, Weirdness & Mutations

You have sharp fingernails.


Message History

Found a stone staircase leading down.
You now have 82 gold pieces (gained 8).
You see here a +0 dagger.
You now have 88 gold pieces (gained 6).
m - a scroll labelled WEGOTE JIESOO Done exploring.
There is a stone staircase leading down here.
You fly downwards.
There is a stone staircase leading up here.
Found 5 poisoned darts.
Grinder and a goblin come into view.
Grinder shouts!
The goblin shouts!
A bat comes into view.
You rampage towards the goblin!
You rampage towards the bat!
Found a stone staircase leading up.
You slash the bat!
You kill the bat!
You closely miss the goblin. You closely miss Grinder.
The goblin barely misses you. Grinder gestures at you.
Pain shoots through your body!
Unknown command.
You slash the goblin!
You kill the goblin!
You closely miss Grinder. Grinder hits you but does no damage. x2
Unknown command.
You hit Grinder.
Grinder is lightly wounded.
Grinder hits you!
You writhe in agony.
* * * LOW HITPOINT WARNING * * *
Unknown command.
You hit Grinder.
Grinder is moderately wounded.
Grinder hits you.
* * * LOW HITPOINT WARNING * * *
You writhe in agony.
* * * LOW HITPOINT WARNING * * *
Grinder hits you.
You die...
Grinder says, "Now the real fun starts!"

... ... .(. #.# # #.#
#.#### #.########
.#.....#####.#.......
.....................
......)@.###.#.......
......5..###.########
.........#...#
<........#.###
.........#..<#
.........#####
.........# .........#


You could see Grinder.

Vanquished Creatures
  An adder (D:2)
  2 ball pythons (D:1)
  2 bats
  7 endoplasms
  2 giant cockroaches (D:2)
  4 goblins
  3 hobgoblins (D:2)
  3 kobolds
  2 quokkas (D:2)
  A frilled lizard (D:2)
  2 rats
29 creatures vanquished.

Notes
Turn   | Place    | Note
-------+----------+-------------------------------------------
     0 | D:1      | gelatine the Demonspawn Fighter began the quest for the
                  | Orb.
     0 | D:1      | Reached XP level 1. HP: 18/18 MP: 1/1
   574 | D:1      | Gained mutation: You have sharp fingernails. [demonic
                  | ancestry]
   574 | D:1      | Reached XP level 2. HP: 24/24 MP: 2/2
   775 | D:2      | Found Beajeop's Jewellery Boutique.
  1108 | D:2      | Identified the +3 leather armour "Zamn" {Rampage Fly Str+7
                  | Dex-5}
  1179 | D:2      | Reached XP level 3. HP: 13/29 MP: 3/3
  1592 | D:3      | Noticed Grinder
  1598 | D:3      | HP: 1/29 [Grinder (5)]
  1598 | D:3      | Slain by Grinder

Illustrated notes

Levels and vault maps discovered:
D:1:      dpeg_arrival_oval, layout_basic
D:2:      layout_loops_cross, serial_shops, nicolae_shop_real_fake_doors,
          minmay_misc_feat_cross, nicolae_the_louvre
D:3:      layout_basic, zin_treasury, basic_ecumenical_altar,
          corexii_hall_statues_s, uniq_grinder

Skill      XL: |  1  2 |
---------------+-------+-----
Axes           | 2 |  2.5
Shields        | 3 |  3.0
Fighting       | |  3.2
Armour         | |  2.9
Dodging        | |  0.2
Stealth        | |  0.3

Action                     || total
---------------------------++-------
  Melee: War axe           ||    87
 Armour: Scale mail        ||    57
         Leather armour    ||    23
  Dodge: Dodged            ||    38
  Block: Buckler           ||    23

Table legend: (Time is in decaauts)
 A = Elapsed time spent in this place.
 B = Non-inter-level travel time spent in this place.
 C = Inter-level travel time spent in this place.
 D = Time resting spent in this place.
 E = Time spent auto-exploring this place.
 F = Levels seen in this place.
 G = Mean time per level.
                   A        B        C        D        E       F      G
               +--------+--------+--------+--------+--------+-----+--------+
         Total |   1634 |   1581 |     53 |      0 |   1267 |   3 |  544.7 |
       Dungeon |   1634 |   1581 |     53 |      0 |   1267 |   3 |  544.7 |
               +--------+--------+--------+--------+--------+-----+--------+

Top non-repeatable levels by time:
     D:2: 874 daAuts
     D:1: 740 daAuts
     D:3: 19 daAuts
